 Dungeon Crawl Stone Soup version 0.25-a0-471-g78e40d7af6 (webtiles) character file.

Game seed: 17312916666856516948, levelgen mode: deterministic

23 grieverrr the Ruffian (level 2, -1/23 HPs)
             Began as a Draconian Transmuter on Feb 6, 2020.
             Slain by an adder (2 damage)
             ... on level 1 of the Dungeon.
             The game lasted 00:14:33 (1119 turns).

grieverrr the Ruffian (Draconian Transmuter)        Turns: 1119, Time: 00:14:33

Health: -1/23      AC:  4    Str: 12    XL:     2   Next: 72%
Magic:  5/5        EV: 12    Int: 13    God:
Gold:   105        SH:  0    Dex: 11    Spells: 4/5 levels left

rFire    . . .     SeeInvis .   k - +0 whip
rCold    . . .     Gourm    .   (no shield)
rNeg     . . .     Faith    .   (armour unavailable)
rPois    .         Spirit   .   (helmet restricted)
rElec    .         Reflect  .   (no cloak)
rCorr    .         Harm     .   (no gloves)
MR       .....                  (no boots)
Stlth    +.........             (no amulet)
HPRegen  0.07/turn              (no ring)
MPRegen  0.09/turn              (no ring)

@: lethally poisoned (-1 -> -12)
A: unfitting armour, cold-blooded, AC +4
a: no special abilities


You were on level 1 of the Dungeon.
You were hungry.

You visited 1 branch of the dungeon, and saw 2 of its levels.

You collected 105 gold pieces.

Inventory:

Hand Weapons
 g - a +0 dagger
 j - a +0 short sword of protection
 k - a +0 whip (weapon)
 o - a +0 hand axe
Missiles
 a - 12 arrows
 b - 11 stones (quivered)
Armour
 i - a +0 scale mail
Scrolls
 d - a scroll of remove curse {unknown}
 e - a scroll of identify {unknown}
 m - a scroll of magic mapping {unknown}
 n - a scroll of random uselessness {unknown}
Potions
 h - a potion of invisibility {unknown}
 l - a potion of lignification {unknown}
Comestibles
 c - 2 rations
 f - 5 chunks of flesh


   Skills:
 + Level 1.2 Fighting
 + Level 0.1 Short Blades
 + Level 2.0 Dodging
 + Level 3.5 Unarmed Combat
 + Level 2.0 Spellcasting
 + Level 2.4 Transmutations


You had 4 spell levels left.
You knew the following spells:

 Your Spells              Type           Power        Failure   Level  Hunger
a - Beastly Appendage     Tmut           #.....       10%         1    ##.....

Your spell library contained the following spells:

 Spells                   Type           Power        Failure   Level  Hunger
 Sticks to Snakes         Tmut           #.......     14%         2    ###....
 Spider Form              Tmut/Pois      #.........   43%         3    ####...
 Ice Form                 Ice/Tmut       #.......     83%         4    #####..
 Blade Hands              Tmut           #.........   95%         5    ######.


Dungeon Overview and Level Annotations

Branches:
Dungeon (2/15)

Altars:


Innate Abilities, Weirdness & Mutations

Your plain brown scales are hard. (AC +4)
You cannot fit into any form of body armour.
You are cold-blooded and may be slowed by cold attacks.


Message History

The rat bites you but does no damage. The adder closely misses you.
You closely miss the adder.
You feel sick. The rat barely misses you.
The adder bites you but does no damage.
You closely miss the adder.
You feel sick. The adder bites you.
You are more poisoned.
The adder poisons you! The rat barely misses you. The adder bites you.
* * * LOW HITPOINT WARNING * * *
You feel sick. The rat misses you. The adder barely misses you.
You climb upwards.
* * * LOW HITPOINT WARNING * * *
You feel sick.
There is a stone staircase leading down here.
You miss the adder.
* * * LOW HITPOINT WARNING * * *
You feel sick. The rat barely misses you. The adder closely misses you.
You hit the adder.
The adder is moderately wounded.
* * * LOW HITPOINT WARNING * * *
You feel sick. The adder bites you.
You die...

##.# #.# #.#
##..#####.#####.#
#.............#.#####
..#..####.#.........#
..#..# #........##.#
#....# #.#......##.#
##...# #.#.#.#..##.#
##.## #.#.#.#..##.#
###.# #.#.#.#S@##.#
##..# #.#.#.#.r##.#
....#####.#.#>#..##.#
....................#
#############.#.#####
#.#.# #.#.### #.#...#
..###.#


You could see an adder and a rat.

Vanquished Creatures
  A dart slug (D:1)
  A giant cockroach (D:1)
  4 goblins (D:1)
  A hobgoblin (D:1)
  3 kobolds (D:1)
  3 bats (D:1)
  3 frilled lizards (D:1)
  4 rats (D:1)
20 creatures vanquished.

Notes
Turn   | Place    | Note
-------+----------+-------------------------------------------
     0 | D:1      | grieverrr the Draconian Transmuter began the quest for the
                  | Orb.
     0 | D:1      | Reached XP level 1. HP: 16/16 MP: 3/3
   287 | D:1      | Reached XP level 2. HP: 22/23 MP: 5/5
  1119 | D:1      | HP: 1/23 [poisoned by an adder]
  1119 | D:1      | Slain by an adder

Levels and vault maps discovered:
D:1:      dpeg_arrival_rooms_with_view, layout_loops_ring,
          palyth_stone_intersect
D:2:      layout_loops_ring, uniq_jessica

Skill      XL: |  1  2 |
---------------+-------+-----
Dodging        | 2 |  2.0
Fighting       | |  1.2
Short Blades   | |  0.1
Unarmed Combat | |  3.5
Spellcasting   | |  2.0
Transmutations | |  2.4

Action                   || total
-------------------------++-------
Melee: Unarmed           ||    18
       Dagger            ||    20
       Tailslap          ||     5
       Punch             ||     1
       Whip              ||    25
       Short sword       ||     3
Throw: Stone             ||    12
 Stab: Sleeping          ||     1
Armor: Skin              ||    20
Dodge: Dodged            ||    58

Table legend:
 A = Non-vault XP
 B = Vault XP
 C = Vault XP percentage of total XP
 D = Non-vault monster count
 E = Vault monster count
 F = Vault count percentage of total count
                 A         B        C        D         E       F
            +---------+---------+-------+---------+---------+-------
      Total |      30 |       3 |   9.1 |      18 |       2 |  10.0
            +---------+---------+-------+---------+---------+-------
        D:1 |      30 |       3 |   9.1 |      18 |       2 |  10.0
            +---------+---------+-------+---------+---------+-------
